 Dungeon Crawl Stone Soup version 0.30.0-5-g1a98f26d00 (webtiles) character file.

Game seed: 7627932347035489356

155 sircluck the Chopper (level 5, -2/44 (47) HPs)
             Began as a Hill Orc Fighter on May 9, 2023.
             Slain by a hell rat (16 damage)
             ... in a sewer.
             The game lasted 00:02:44 (2091 turns).

sircluck the Chopper (Hill Orc Fighter)             Turns: 2091, Time: 00:02:45

HP:   -2/44 (47)    AC:  7    Str: 21    XL:     5   Next: 37%
MP:   5/5           EV:  9    Int:  8    God:
Gold: 116           SH:  4    Dex: 10    Spells: 4/4 levels left

rFire   . . .        a - +0 war axe
rCold   . . .        c - +0 buckler
rNeg    . . .        b - +0 scale mail
rPois   .            (no helmet)
rElec   .            (no cloak)
rCorr   .            (no gloves)
SInv    .            (no boots)
Will    .....        (no amulet) Stlth
                     (no ring)
HPRegen 0.27/turn    (no ring)
MPRegen 0.09/turn

%: no passive effects
@: drained, very slow
A: no striking features
a: no special abilities


You were in a sewer.
You visited 1 branch of the dungeon, and saw 3 of its levels.
You also visited: Sewer.

You collected 116 gold pieces.

Inventory:

Hand Weapons
 a - a +0 war axe (weapon)
Missiles
 i - 20 stones (quivered)
Armour
 b - a +0 scale mail (worn)
 c - a +0 buckler (worn)
 h - a +0 pair of boots
Jewellery
 n - a +5 ring of evasion
Wands
 p - a wand of flame (7)
Scrolls
 j - 3 scrolls of fog {unknown}
 k - 2 scrolls of identify {unknown}
 l - a scroll of poison {unknown}
 m - a scroll of enchant weapon {unknown}
Potions
 d - 3 potions of might
 e - 2 potions of ambrosia {unknown}
 f - a potion of curing {unknown}
 g - 2 potions of flight {unknown}
 o - a potion of heal wounds {unknown}
 q - 2 potions of attraction {unknown}
 r - a potion of lignification {unknown}
 s - a potion of magic {unknown}


   Skills:
 + Level 4.4 Fighting
 + Level 4.7 Axes
 + Level 4.2 Armour
 + Level 0.9 Dodging
 + Level 0.1 Stealth
 + Level 3.8 Shields


You had 4 spell levels left.
You didn't know any spells.
Your spell library was empty.

Dungeon Overview and Level Annotations

Branches:
Dungeon (3/15)              Sewer (1/1)

Altars:

Shops:
D:1 *   D:2 :   D:3 *


Message History

You kill the rat!
No target in view!
You enter the shallow water.
Moving in this stuff is going to be slow.
Key pressed, stopping explore.
No target in view!
Key pressed, stopping explore.
No target in view!
You enter the shallow water.
Moving in this stuff is going to be slow.
You enter the shallow water.
Moving in this stuff is going to be slow.
You open the door.
A hell rat comes into view.
The hell rat roars deafeningly!
Found four items.
Found a gate leading back out of this place.
Found a bubbling white potion, a white potion and a fuming pink potion.
There is an open door here.
A hell rat is nearby!
You enter the shallow water.
Moving in this stuff is going to be slow.
The hell rat splashes around in the water.
The hell rat closely misses you.
A hell rat is nearby!
You closely miss the hell rat. You block the hell rat's attack.
A hell rat is nearby!
You hit the hell rat but do no damage. The hell rat bites you.
You feel drained. The hell rat bites you!
You feel drained.
A hell rat is nearby!
You hit the hell rat.
The hell rat is lightly wounded.
The hell rat closely misses you.
You closely miss the hell rat.
The hell rat is lightly wounded.
You block the hell rat's attack.
The hell rat splashes around in the water.
Your unstable footing causes you to fumble your attack.
The hell rat bites you! x2
You die...

###..~###
#~..~.~~#
##~~~~~..##
#~~~###..~#
##~.##~##.~##
#~~~#~~~#~~~#
#.~##~~!##..#
#~.#~~~!!#.~#
#..'@r~!∩#∩∩#
#~.#.~~!!#~.#
#~†##~.!##~~#
#...#.~.#~~~#
##.~##~##.†##
#.~.###~~~#
##.~.~~.~##
#....~..#
###~~~###


You could see a hell rat.

Vanquished Creatures
  Natasha (thrice) (D:2)
  2 adders (D:2)
  2 river rats
  A worm (D:2)
  2 bats
  4 endoplasms
  4 giant cockroaches
  2 goblins
  3 hobgoblins (D:1)
  2 jackals (D:1)
  A quokka (D:2)
  6 ball pythons
  A frilled lizard (D:1)
  3 kobolds (D:3)
  8 rats
44 creatures vanquished.

Notes
Turn   | Place    | Note
-------+----------+-------------------------------------------
     0 | D:1      | sircluck the Hill Orc Fighter began the quest for the Orb.
     0 | D:1      | Reached XP level 1. HP: 19/19 MP: 1/1
   191 | D:1      | Found a faded altar of an unknown god.
   191 | D:1      | Found Taud's General Store.
   199 | D:1      | Reached XP level 2. HP: 25/27 MP: 2/2
  1013 | D:2      | Reached XP level 3. HP: 31/33 MP: 3/3
  1052 | D:2      | Noticed Natasha
  1060 | D:2      | Killed Natasha
  1061 | D:2      | Reached XP level 4. HP: 30/40 MP: 4/4
  1217 | D:2      | Found Aczonylu's Book Shop.
  1223 | D:2      | Noticed Natasha
  1227 | D:2      | Killed Natasha
  1680 | D:2      | Noticed Natasha
  1689 | D:2      | Killed Natasha
  1690 | D:2      | Reached XP level 5. HP: 36/47 MP: 5/5
  1759 | D:3      | Found Zecexil's Assorted Antiques.
  1927 | D:3      | Found a glowing drain.
  1946 | Sewer    | Entered a sewer
  2091 | Sewer    | Slain by a hell rat

Illustrated notes

Levels and vault maps discovered:
D:1:      evilmike_arrival_plus, layout_basic,
          hellmonk_ecumenical_altar_dog_temple, serial_shops, shop,
          amethyst_killhole
D:2:      layout_rooms, serial_shops, shop, uniq_natasha
D:3:      layout_basic, serial_shops, shop, portal_sewer_entry_a, st_stairs_5,
          chequers_serial_rivers_micro_d, wad_floor_pattern_1
Sewer:    sewer_hellmonk_bad_rat

Skill      XL: |  1  2  3  4 |
---------------+-------------+-----
Axes           | 3 4 |  4.7
Fighting       | 4 |  4.4
Armour         | 4 |  4.2
Dodging        | |  0.9
Stealth        | |  0.1
Shields        | |  3.8

Action                     |  1- 3 |  4- 6 || total
---------------------------+-------+-------++-------
  Melee: War axe           |    58 |    81 ||   139
 Armour: Scale mail        |    22 |    46 ||    68
  Dodge: Dodged            |    24 |    46 ||    70
  Block: Buckler           |    10 |    19 ||    29
